AoeStats
← A Bá

Nomad

509865281Analyzed
4v4 RM · 5d ago on Sep 28, 2026· 45m 37s· 8 players
Game mode
Random Map
Map size
231×231
Population
200
Speed
Normal
Resources
Standard
Victory
Conquest
Starting age
Dark Age
Ending age
Imperial Age
RankedLock teamsTeams togetherTeam positionsShared explorationLock speedFull tech treeHidden civsTurbo modeCheats
Victory
Defeat
🇵🇪 Lithuanians · Peru
1254
+15
🇦🇺 Mapuche · Australia
1246
+15
🇻🇳 Franks · Vietnam
1229
+16
🇳🇴 Cumans · Norway
1165
+18
🇨🇳 Wu · China
1273
-18
1220
-16
🇹🇼 Malians · Taiwan
1208
-15
🇨🇳 Koreans · China
1203
-15
大丈夫岂能郁郁久居于
12:51 Feudal Age
19:37 Castle Age
18:09 Bloodlines
19:24 Gold Mining
19:34 Double-Bit Axe
20:20 Fletching
20:33 Padded Archer Armor
21:19 Horse Collar
22:35 Bodkin Arrow
24:44 Husbandry
25:29 Gold Shaft Mining
26:47 Ballistics
30:11 Bow Saw
Wudi_Ganggang
9:30 Loom
15:24 Feudal Age
18:57 Castle Age
17:56 Fishing Lines
18:23 Double-Bit Axe
19:03 Stone Mining
21:22 Bow Saw
21:07 Gillnets
22:20 Stone Shaft Mining
24:56 Horse Collar
27:38 Gold Mining
28:27 Wheelbarrow
29:56 Hand Cart
36:15 Imperial Age
38:05 Murder Holes
37:56 Arrowslits
38:18 Fletching
38:45 Masonry
39:39 Chemistry
38:46 Treadmill Crane
40:47 Architecture
43:00 Ballistics
43:15 Bodkin Arrow
poppypon
4:42 Loom
14:07 Feudal Age
14:37 Double-Bit Axe
19:35 Castle Age
17:41 Fletching
18:01 Stone Mining
18:03 Gold Mining
20:39 Bow Saw
20:16 Horse Collar
22:23 Heavy Plow
28:56 Fishing Lines
33:16 Wheelbarrow
33:21 Ballistics
36:46 Imperial Age
34:29 Squires
阿栋i
5:42 Loom
13:56 Feudal Age
19:15 Castle Age
17:29 Double-Bit Axe
17:38 Stone Mining
18:58 Gold Mining
20:24 Wheelbarrow
21:07 Fletching
25:55 Bow Saw
29:00 Medium Warships
28:45 Town Watch
29:44 Bodkin Arrow
31:25 Ballistics
34:48 Hand Cart
Escala
7:01 Loom
12:55 Feudal Age
14:55 Fletching
15:16 Double-Bit Axe
23:52 Castle Age
22:27 Gold Mining
23:44 Stone Mining
25:09 Medium Warships
27:13 Bow Saw
28:05 Bodkin Arrow
33:29 Imperial Age
32:45 Stone Shaft Mining
34:03 Wheelbarrow
36:00 Conscription
36:24 Horse Collar
38:38 Forging
39:55 Scale Barding Armor
40:27 Heavy Plow
41:51 Iron Casting
43:10 Chain Barding Armor
43:28 Hand Cart
44:01 Bloodlines
45:13 Two-Man Saw
Globox
11:56 Feudal Age
12:27 Loom
13:05 Double-Bit Axe
13:01 Horse Collar
21:36 Wheelbarrow
24:22 Castle Age
23:23 Scale Barding Armor
23:32 Forging
25:04 Bloodlines
26:22 Bow Saw
26:13 Heavy Plow
26:36 Gold Mining
26:15 Capped Ram
27:53 Chain Barding Armor
35:56 Hand Cart
35:27 Town Watch
37:17 Gold Shaft Mining
39:34 Imperial Age
38:22 Town Patrol
39:00 Iron Casting
39:43 Cavalier
39:46 Siege Ram
41:29 Blast Furnace
41:04 Plate Barding Armor
41:15 Paladin
A Bá
3:38 Loom
14:11 Feudal Age
18:38 Castle Age
21:01 Double-Bit Axe
26:05 Stone Mining
26:09 Town Watch
28:12 Gold Mining
28:34 Bow Saw
29:15 Wheelbarrow
29:01 Fletching
29:11 Padded Archer Armor
29:56 Horse Collar
31:40 Hand Cart
32:56 Bodkin Arrow
36:21 Ballistics
40:45 Imperial Age
38:35 Leather Archer Armor
38:44 Gold Mining
40:34 Forging
41:10 Heavy Plow
41:47 Conscription
41:33 Butalmapu
42:17 Iron Casting
42:28 Gold Shaft Mining
43:55 Elite Kona
Súc Vật Du Phong
3:29 Loom
14:06 Feudal Age
18:01 Castle Age
26:19 Husbandry
26:24 Double-Bit Axe
29:23 Wheelbarrow
29:45 Forging
29:41 Scale Barding Armor
31:13 Scale Barding Armor
31:45 Iron Casting
31:26 Fletching
32:04 Gold Mining
32:05 Stone Mining
34:34 Hand Cart
38:21 Chain Barding Armor
39:09 Gold Shaft Mining
42:08 Bow Saw
45:23 Imperial Age
42:39 Town Watch
42:54 Bodkin Arrow
42:59 Padded Archer Armor
43:00 Scale Mail Armor
45:29 Cavalier
47:11 Blast Furnace
46:47 Plate Barding Armor
Connection lost

Rejoining the realm…

Still unreachable

The connection could not be restored.

Session expired

The server has moved on; the page needs a fresh start.